 Dungeon Crawl Stone Soup version 0.26-a0-52-gd53d4cd (webtiles) character file.

Game seed: 1096761541775709540

27783 Balder the Basher (level 13, -6/80 HPs)
             Began as a Gargoyle Fighter on June 5, 2020.
             Was an Elder of Fedhas.
             Mangled by a six-headed hydra (10 damage)
             ... on level 6 of the Lair of Beasts on June 6, 2020.
             The game lasted 01:23:13 (16897 turns).

Balder the Basher (Gargoyle Fighter)               Turns: 16897, Time: 01:23:14

Health: -6/80      AC: 34    Str: 28    XL:     13   Next: 34%
Magic:  26/26      EV: 10    Int:  9    God:    Fedhas [****..]
Gold:   815        SH: 13    Dex: 17    Spells: 12/12 levels left

rFire    . . .     SeeInvis +   O - +3 flail of Contradiction {protect, rElec rN+ Str+4}
rCold    . . .     Gourm    .   c - +0 kite shield
rNeg     + + .     Faith    +   A - +6 scale mail "Qievvun" {MP+9 Str+3}
rPois    ∞         Spirit   .   (no helmet)
rElec    +         Reflect  .   L - scarf {+Inv}
rCorr    +         Harm     .   h - +0 pair of gloves
MR       .....                  E - +0 pair of boots
Stlth    +++.......             C - amulet of Qeforyc {Faith Dex+4 SInv}
HPRegen  0.23/turn              y - ring of resist corrosion
MPRegen  0.20/turn              M - ring of stealth

@: protection aura, studying Armour
A: negative energy resistance 1, electricity resistance, unbreathing,
petrification resistance, rot immunity, AC +9
a: Wall of Briars, Grow Ballistomycete, Overgrow, Renounce Religion, Evoke
Invisibility


You were on level 6 of the Lair of Beasts.
You worshipped Fedhas.
Fedhas was greatly pleased with you.
You were not hungry.

You visited 3 branches of the dungeon, and saw 16 of its levels.

You collected 815 gold pieces.

Inventory:

Hand Weapons
 a - a +3 whip
 b - a +2 morningstar
 w - a +1 whip of freezing
 D - a +1 vorpal dire flail
 O - the +3 flail of Contradiction (weapon) {protect, rElec rN+ Str+4}
   (You took it off a spriggan on level 2 of the Lair of Beasts)

   It grants its wielder temporary protection when it strikes (+7 to AC).
   It affects your strength (+4).
   It insulates you from electricity.
   It protects you from negative energy.
Missiles
 l - 7 curare-tipped darts
 s - 11 boomerangs (quivered)
 z - 6 silver boomerangs
Armour
 c - a +0 kite shield (worn)
 h - a +0 pair of gloves (worn)
 u - a +0 pair of boots
 A - the +6 scale mail "Qievvun" (worn) {MP+9 Str+3}
   (You found it on level 5 of the Lair of Beasts)

   It affects your strength (+3).
   It affects your magic capacity (+9).
 E - a +0 pair of boots (worn)
 I - a +1 plate armour
 L - a scarf of invisibility (worn)
Jewellery
 r - an uncursed ring of protection from fire
 y - a ring of resist corrosion (left hand)
 C - the amulet of Qeforyc (around neck) {Faith Dex+4 SInv}
   (You acquired it on level 3 of the Lair of Beasts)

   [amulet of faith]

   It allows you to gain divine favour quickly.
   It affects your dexterity (+4).
   It lets you see invisible.
 J - a +6 ring of strength {unknown}
 M - a ring of stealth (right hand)
 P - a +4 ring of evasion {unknown}
Wands
 e - a wand of iceblast (23)
 g - a wand of disintegration (7)
 j - a wand of polymorph (17)
 n - a wand of digging (14)
 p - a wand of random effects (8)
 q - a wand of paralysis (5)
 G - a wand of flame (31)
 K - a wand of acid (7)
Scrolls
 i - 12 scrolls of remove curse
 k - a scroll of teleportation
 o - 6 scrolls of identify
 B - a scroll of noise {unknown}
 F - a scroll of magic mapping
Potions
 m - 5 potions of curing
 v - 2 potions of cancellation {unknown}
 x - 4 potions of stabbing
 H - a potion of resistance
 N - 3 potions of might
 Q - a potion of brilliance
Books
 d - a manual of Armour
Comestibles
 f - 21 rations


   Skills:
 * Level 9.2 Fighting
 * Level 12.4 Maces & Flails
 + Level 1.8 Throwing
 * Level 10.8 Armour
 + Level 2.0 Dodging
 - Level 6.8 Stealth
 * Level 10.2 Shields
 - Level 5.4 Unarmed Combat
 * Level 5.6 Invocations
 * Level 5.7 Evocations


You had 12 spell levels left.
You didn't know any spells.
Your spell library contained the following spells:

 Spells                   Type           Power        Failure   Level  Hunger
 Infusion                 Chrm           #...         80%         1    ##.....
 Magic Dart               Conj           #...         80%         1    ##.....
 Searing Ray              Conj           #.....       91%         2    ###....
 Shroud of Golubria       Chrm/Tloc      #.....       91%         2    ###....
 Song of Slaying          Chrm           #.......     91%         2    ###....
 Dazzling Flash           Conj/Hex       #.....       99%         3    ####...
 Ignite Poison            Fire/Tmut/Pois #.......     99%         3    ####...
 Ozocubu's Armour         Chrm/Ice       #.......     99%         3    ####...
 Spectral Weapon          Hex/Chrm       #.......     99%         3    ####...
 Fulminant Prism          Conj/Hex       #.........   100%        4    #####..
 Iskenderun's Mystic Bla  Conj/Tloc      #.......     100%        4    #####..
 Bolt of Magma            Conj/Fire/Erth #.........   100%        5    ######.
 Fireball                 Conj/Fire      #.........   100%        5    ######.
 Iskenderun's Battlesphe  Conj/Chrm      #.......     100%        5    ######.
 Iron Shot                Conj/Erth      #.........   100%        6    #######
 Starburst                Conj/Fire      #.........   100%        6    #######
 Orb of Destruction       Conj           #.........   100%        7    #######
 Ring of Flames           Chrm/Fire      #.........   100%        7    #######
 Spellforged Servitor     Conj/Summ      #.........   100%        7    #######
 Ignition                 Fire           #.........   100%        8    #######


Dungeon Overview and Level Annotations

Branches:
Dungeon (9/15)             Temple (1/1) D:7            Lair (6/6) D:8
 Shoals (0/4) Lair:4       Spider (0/4) Lair:3
  Slime: Lair:5-6       Orc: D:9-12

Altars:
Ashenzari
Cheibriados
Dithmenos
Elyvilon
Fedhas
Gozag
Hepliaklqana
Kikubaaqudgha
Makhleb
Nemelex Xobeh
Okawaru
Qazlal
Ru
Sif Muna
Trog
Uskayaw
Vehumet
Wu Jian
Xom
Yredelemnul
Zin
The Shining One

Shops:
D:5 =

Annotations:
D:5 1 transporter, Turner1's ghost, amateur DrBe
Lair:5 2 transporters


Innate Abilities, Weirdness & Mutations

You are resistant to torment.
Your stone body is resilient. (AC +9)
You are immune to poison.
You resist negative energy. (rN+)
You are resistant to electric shocks. (rElec)
You can survive without breathing.
You are immune to petrification.
You are immune to rotting.


Message History

The six-headed hydra completely misses you.
You barely miss the six-headed hydra.
The six-headed hydra is almost dead.
The black mamba bites the plant!
The six-headed hydra bites you but does no damage.
The six-headed hydra closely misses you.
The six-headed hydra bites you but does no damage.
You block the six-headed hydra's attack. x2
The six-headed hydra bites you but does no damage.
The black mamba bites the plant but does no damage.
You barely miss the six-headed hydra.
The six-headed hydra is almost dead.
The six-headed hydra barely misses you.
The six-headed hydra bites you but does no damage. x2
The six-headed hydra bites you!
* * * LOW HITPOINT WARNING * * *
The six-headed hydra closely misses you.
The six-headed hydra bites you!
You die...
Fedhas appreciates your contribution to the ecosystem.

##.......P##........
#....#...####.......
#....#..## #.......
#........###.<.##...
#....P..PP#.........
##..##..........#P..
#...................
##P..P..........##..
#.P@P.......... ....
#PDPP......... ....
#SP.P#........
##............
#.............
#...P.........
#...#.........
#...##........
##...#..?##...


You could see a six-headed hydra and a black mamba (slow).

Vanquished Creatures
  4 hydras
  Nergalle (Lair:1)
  Pikel (D:4)
  3 elephants (Lair:5)
  5 black mambas
  10 spiny frogs
  8 komodo dragons
  A rime drake (Lair:1)
  A troll (D:8)
  15 blink frogs
  A polar bear (Lair:2)
  6 dream sheep (Lair:5)
  A hippogriff (Lair:6)
  A snapping turtle (Lair:4)
  3 wyverns
  2 redbacks (Lair:3)
  A spriggan (Lair:2)
  25 yaks
  A basilisk (Lair:6)
  Edmund (D:6)
  12 water moccasins
  3 porcupines
  2 hell hounds (Lair:6)
  A sky beast (D:7)
  An orc warrior (D:7)
  A phantom (D:6)
  A black bear (Lair:2)
  2 ice beasts (D:5)
  A slave (D:4)
  4 ogres
  24 wolves
  4 centaurs
  6 crocodiles
  A big kobold (D:9)
  6 bullfrogs
  2 scorpions
  2 electric eels (Lair:4)
  2 centaur zombies (D:7)
  2 crimson imps
  A quasit (D:7)
  2 bullfrog zombies (D:5)
  2 jellies (D:6)
  An orc priest (D:3)
  A hound (D:7)
  9 orc wizards
  3 iguanas
  6 worker ants
  A hound skeleton (D:6)
  3 worker ant zombies
  3 gnolls (D:3)
  9 adders
  An ooze (D:2)
  An adder zombie (D:5)
  2 worms
  3 leopard geckos
  36 orcs
  7 bats
  6 giant cockroaches
  11 goblins
  9 hobgoblins
  3 jackals (D:2)
  2 quokkas
  A ball python (D:3)
  5 frilled lizards
  A jackal skeleton (D:8)
  17 kobolds
  A leopard gecko skeleton (D:4)
  2 quokka skeletons
  9 rats
326 creatures vanquished.

Vanquished Creatures (collateral kills)
  A water moccasin (Lair:5)
1 creature vanquished.

Vanquished Creatures (others)
  A hound (D:4)
  14 fungi
  6 plants
21 creatures vanquished.

Grand Total: 348 creatures vanquished

Notes
Turn   | Place    | Note
-------+----------+-------------------------------------------
     0 | D:1      | Balder the Gargoyle Fighter began the quest for the Orb.
     0 | D:1      | Reached XP level 1. HP: 14/14 MP: 1/1
   133 | D:1      | Reached XP level 2. HP: 19/19 MP: 2/2
   670 | D:2      | Reached skill level 1 in Stealth
   755 | D:2      | Reached XP level 3. HP: 22/23 MP: 3/3
  1021 | D:2      | You fall into a shaft and drop 1 floor!
  1061 | D:3      | Reached XP level 4. HP: 12/28 MP: 4/4
  1164 | D:3      | Reached skill level 3 in Maces & Flails
  1164 | D:3      | Reached XP level 5. HP: 21/33 MP: 5/5
  2053 | D:3      | Reached skill level 1 in Unarmed Combat
  2064 | D:3      | Reached XP level 6. HP: 29/38 MP: 6/6
  2268 | D:2      | Found an opulent altar of Gozag.
  2325 | D:2      | Found a hide-covered altar of Uskayaw.
  2478 | D:2      | Reached skill level 4 in Maces & Flails
  2806 | D:4      | Found a bloodstained altar of Trog.
  3108 | D:4      | Noticed a slave
  3108 | D:4      | Noticed a slave
  3108 | D:4      | Noticed a slave
  3108 | D:4      | Noticed a slave
  3115 | D:4      | Killed a slave
  3121 | D:4      | Noticed Pikel
  3153 | D:4      | Killed Pikel
  3153 | D:4      | Reached skill level 5 in Maces & Flails
  3153 | D:4      | Reached XP level 7. HP: 43/43 MP: 7/7
  3333 | D:4      | Found an ancient bone altar of Kikubaaqudgha.
  3333 | D:4      | Found a glowing silver altar of Zin.
  3766 | D:5      | Entered Level 5 of the Dungeon
  3805 | D:5      | Reached skill level 1 in Dodging
  3805 | D:5      | Reached skill level 5 in Shields
  3805 | D:5      | Reached XP level 8. HP: 39/48 MP: 8/8
  3924 | D:5      | Reached skill level 5 in Armour
  3937 | D:5      | Found a white marble altar of Elyvilon.
  3946 | D:5      | Reached skill level 6 in Maces & Flails
  4233 | D:5      | Found Mufyn's Jewellery Shoppe.
  4447 | D:5      | Reached skill level 1 in Throwing
  4453 | D:5      | Found a transporter.
  4455 | D:5      | Noticed Turner1's ghost (amateur DrBe)
  4767 | D:6      | Noticed Edmund
  4783 | D:6      | Killed Edmund
  5031 | D:6      | Reached skill level 5 in Fighting
  5031 | D:6      | Reached skill level 7 in Maces & Flails
  5031 | D:6      | Reached XP level 9. HP: 44/54 MP: 9/9
  5801 | D:6      | Upgraded the game from 0.26-a0-50-gc4d14cd to
                  | 0.26-a0-52-gd53d4cd
  6052 | D:7      | Found a staircase to the Ecumenical Temple.
  6087 | Temple   | Entered the Ecumenical Temple
  6349 | Temple   | Became a worshipper of Fedhas Madash
  6653 | D:7      | Reached skill level 8 in Maces & Flails
  7185 | D:8      | Found a staircase to the Lair.
  7713 | D:9      | Noticed a troll
  7736 | D:8      | Killed a troll
  7736 | D:8      | Reached skill level 1 in Invocations
  7894 | D:9      | Found a hazy altar of Hepliaklqana.
  7923 | D:9      | Reached XP level 10. HP: 39/60 MP: 10/10
  7926 | D:9      | Reached * piety under Fedhas
  7939 | D:9      | Reached skill level 5 in Stealth
  8065 | D:9      | Noticed a cyclops
  8316 | Lair:1   | Entered Level 1 of the Lair of Beasts
  8351 | Lair:1   | Reached skill level 1 in Evocations
  8359 | Lair:1   | Reached skill level 9 in Maces & Flails
  8557 | Lair:1   | Noticed a spiny frog
  8558 | Lair:1   | Noticed Nergalle
  8571 | Lair:1   | Killed a spiny frog
  8601 | Lair:1   | Killed Nergalle
  8835 | Lair:1   | Reached skill level 5 in Unarmed Combat
  8835 | Lair:1   | Reached XP level 11. HP: 66/67 MP: 12/12
  9528 | Lair:1   | Reached skill level 10 in Maces & Flails
 10194 | Lair:2   | Reached ** piety under Fedhas
 10371 | Lair:2   | Noticed a six-headed hydra
 10885 | Lair:2   | Noticed a six-headed hydra
 10893 | Lair:2   | Killed a six-headed hydra
 11240 | Lair:2   | Killed a six-headed hydra
 11735 | Lair:2   | Identified the cursed +3 flail of Contradiction {protect,
                  | rElec rN+ Str+4}
 12179 | Lair:3   | Found a hole to the Spider Nest.
 12283 | Lair:3   | Identified a scroll of acquirement
 12286 | Lair:3   | Got the amulet of Qeforyc {Faith Dex+4 SInv}
 12328 | Lair:3   | Got a slimy hand axe
 12337 | Lair:3   | Identified the +8 hand axe of the Beast {protect, SInv}
                  | (You found it on level 3 of the Lair of Beasts)
 12543 | Lair:3   | Reached XP level 12. HP: 69/73 MP: 15/15
 12651 | Lair:3   | Reached skill level 11 in Maces & Flails
 13491 | Lair:4   | Noticed a five-headed hydra
 13506 | Lair:4   | Killed a five-headed hydra
 13545 | Lair:4   | Reached *** piety under Fedhas
 13775 | Lair:4   | Found a staircase to the Shoals.
 14641 | Lair:5   | Found a transporter.
 14667 | Lair:5   | Got a bloodstained scale mail
 14678 | Lair:5   | Identified the +6 scale mail "Qievvun" {MP+9 Str+3} (You
                  | found it on level 5 of the Lair of Beasts)
 15276 | Lair:5   | Found a transporter.
 15606 | Lair:5   | Reached skill level 10 in Armour
 15606 | Lair:5   | Reached skill level 5 in Invocations
 15652 | Lair:5   | Reached skill level 12 in Maces & Flails
 15840 | Lair:6   | Entered Level 6 of the Lair of Beasts
 15905 | Lair:6   | HP: 3/75 [blink frog (6)]
 15916 | Lair:6   | Reached **** piety under Fedhas
 15916 | Lair:6   | Reached XP level 13. HP: 26/79 MP: 16/16
 16044 | Lair:6   | Reached skill level 5 in Evocations
 16562 | Lair:6   | Reached skill level 10 in Shields
 16897 | Lair:6   | HP: 4/80 [six-headed hydra (11)]
 16897 | Lair:6   | Mangled by a six-headed hydra

Illustrated notes

Levels and vault maps discovered:
D:1:      eino_arrival_water_star, layout_basic, minmay_misc_feat_tiny,
          chequers_serial_rivers_room_a
D:2:      layout_basic, old_standard_altar, eat_drink_and_be_merry_uskayaw
D:3:      layout_basic
D:4:      layout_basic, chequers_temple_overflow_statue_of_worship,
          serial_co_window_serial, co_window_paths_a, co_window_paths_b,
          co_window_of_opportunity_a, co_window_of_opportunity_a,
          co_window_of_opportunity_a, co_window_corner_b, co_window_broadway_c,
          co_window_2corner, co_window_corner_b, co_window_4corner_b,
          trog_three_pillars_becter, uniq_pikel
D:5:      layout_loops_ring, basic_altar, first_ration, gammafunk_ghost_smash,
          serial_shops, shop
D:6:      layout_loops_ring, grunt_ministairs_3, uniq_edmund
D:7:      layout_basic, temple_statues, grunt_ogre_cave,
          grunt_decor_mini_mirrors
D:8:      layout_basic, dpeg_oklobed_lair, minmay_misc_feat_doors
D:9:      layout_cave_pools, basic_altar, kennysheep_donut
Temple:   dpeg_five_rooms_temple
Lair:1:   layout_regular_city, grunt_megastairs_3, lemuel_fruit_fields,
          uniq_nergalle
Lair:2:   layout_concentric_octagons, forest_entry_grove, grunt_megastairs_4,
          lemuel_fruit_fields
Lair:3:   layout_gridlike, spider_nest_entry_webs
Lair:4:   layout_layer_cave, minmay_shoals_entry_hut
Lair:5:   gammafunk_cloud_chamber, layout_regular_city, serial_bayou_ford_a,
          beast_lair_carwin_9, minmay_lair_oklob_chamber
Lair:6:   cheibrodos_lair_end_hotspot, layout_long_grid, slime_altar_2,
          gauntlet_entry_generic

Skill      XL: |  1  2  3  4  5  6  7  8  9 10 11 12 13 |
---------------+----------------------------------------+-----
Stealth        | 1 2 3 4 6 |  6.8
Maces & Flails | 3 5 7 8 9 10 12 | 12.4
Shields        | 4 5 6 8 9 10 | 10.2
Armour         | 4 5 6 7 9 10 | 10.8
Unarmed Combat | 1 2 3 4 5 |  5.4
Fighting       | 4 5 6 7 8 9 |  9.2
Dodging        | 1 2 |  2.0
Throwing       | 1 |  1.8
Invocations    | 1 2 4 5 |  5.6
Evocations     | 2 3 4 5 |  5.7

Action                   |  1- 3 |  4- 6 |  7- 9 | 10-12 | 13-15 || total
-------------------------+-------+-------+-------+-------+-------++-------
Melee: Flail             |   102 |    36 |       |   394 |   200 ||   732
       Morningstar       |       |    65 |    47 |   197 |       ||   309
       Whip              |       |   156 |   130 |    22 |       ||   308
       Dire flail        |       |       |   237 |    58 |       ||   295
       Mace              |       |       |       |   229 |       ||   229
Throw: Dart              |       |     5 |     1 |       |       ||     6
       Boomerang         |       |       |    22 |     7 |    21 ||    50
Invok: Wall of Briars    |       |       |       |     2 |     1 ||     3
 Abil: Evoke Invisibilit |       |       |     1 |       |       ||     1
Evoke: Wand              |       |       |     1 |     3 |     8 ||    12
  Use: Potion            |     2 |     4 |     1 |     8 |       ||    15
       Scroll            |       |     2 |     8 |    17 |       ||    27
 Stab: Invisible         |       |       |     1 |       |       ||     1
       Sleeping          |       |       |       |     2 |     1 ||     3
  Eat: Chunk             |     1 |     7 |     5 |     8 |     2 ||    23
       Ration            |       |       |     3 |     6 |       ||     9
Armor: Scale mail        |    44 |       |       |    97 |   168 ||   309
       Chain mail        |    18 |   119 |   173 |       |       ||   310
       Plate armour      |       |       |    83 |   608 |       ||   691
Dodge: Dodged            |    33 |    47 |   115 |   273 |    99 ||   567
Block: Kite shield       |    60 |   102 |    73 |   552 |   186 ||   973

Table legend:
 A = Non-vault XP
 B = Vault XP
 C = Vault XP percentage of total XP
 D = Non-vault monster count
 E = Vault monster count
 F = Vault count percentage of total count
                 A         B        C        D         E       F
            +---------+---------+-------+---------+---------+-------
      Total |   31878 |    7813 |  19.7 |     299 |      27 |   8.3
            +---------+---------+-------+---------+---------+-------
        D:1 |      20 |       0 |   0.0 |      13 |       0 |   0.0
        D:2 |     105 |       0 |   0.0 |      30 |       0 |   0.0
        D:3 |     258 |       0 |   0.0 |      46 |       0 |   0.0
        D:4 |     138 |     629 |  82.0 |       4 |       1 |  20.0
        D:5 |     617 |       0 |   0.0 |      21 |       0 |   0.0
        D:6 |    1239 |     153 |  11.0 |      30 |       1 |   3.2
        D:7 |     635 |     116 |  15.4 |      13 |       1 |   7.1
        D:8 |     584 |       0 |   0.0 |      10 |       0 |   0.0
        D:9 |     950 |       0 |   0.0 |      15 |       0 |   0.0
     Lair:1 |    3771 |    1967 |  34.3 |      22 |       4 |  15.4
     Lair:2 |    2700 |    2237 |  45.3 |      10 |       9 |  47.4
     Lair:3 |    3810 |     436 |  10.3 |      18 |       2 |  10.0
     Lair:4 |    3123 |     235 |   7.0 |       9 |       1 |  10.0
     Lair:5 |    4865 |    1747 |  26.4 |      22 |       6 |  21.4
     Lair:6 |    9063 |     293 |   3.1 |      36 |       2 |   5.3
            +---------+---------+-------+---------+---------+-------
